 Dungeon Crawl Stone Soup version 0.18.1-48-g4cf74bf (webtiles) character file.

571 Krapule the Insei (level 7, -4/37 HPs)
             Began as a Vine Stalker Monk on July 1, 2016.
             Slain by an ice beast (5 damage)
             ... on level 5 of the Dungeon.
             The game lasted 00:14:13 (3529 turns).

Krapule the Insei (Vine Stalker Monk)               Turns: 3529, Time: 00:14:14

Health: -4/37      AC:  3    Str: 14    XL:     7   Next: 34%
Magic:  0/8        EV: 14    Int: 10    God:
Gold:   325        SH:  4    Dex: 18    Spells: 0 memorised, 6 levels left

rFire  . . .     SeeInvis .       - Unarmed
rCold  . . .     Gourm    .     a - +0 robe
rNeg   + . .     Faith    .     t - +0 buckler
rPois  .         Spirit   +     (no helmet)
rElec  .         Dismiss  .     (no cloak)
rCorr  .         Reflect  .     (no gloves)
SustAt .         Harm     .     s - +0 pair of boots
MR     .....     Rnd*Tele +     (no amulet)
Stlth  +++.......               C - ring of teleportation (curse)
                                h - ring of positive energy

@: lethally poisoned (-4 -> -5), not resistant to hostile enchantments, fairly
stealthy
A: fangs 2, regeneration 2, magic shield, antimagic bite, no device heal 3, rot
immunity
a: no special abilities


You were on level 5 of the Dungeon.
You were not hungry.

You visited 1 branch of the dungeon, and saw 5 of its levels.

You collected 325 gold pieces.

Inventory:

Missiles
 k - a javelin of returning (quivered)
Armour
 a - a +0 robe (worn)
 s - a +0 pair of boots (worn)
 t - a +0 buckler (worn)
Jewellery
 h - a ring of positive energy (left hand)
 C - a cursed ring of teleportation (right hand)
Scrolls
 c - a scroll of teleportation {unknown}
 i - 4 scrolls of remove curse {unknown}
 l - a scroll of blinking {unknown}
 p - 2 scrolls of enchant armour {unknown}
 q - a scroll of amnesia {unknown}
 r - 4 scrolls of identify {unknown}
 u - a scroll of magic mapping {unknown}
 v - a scroll of recharging {unknown}
 w - 2 scrolls of random uselessness {unknown}
 x - a scroll of immolation {unknown}
 y - 2 scrolls of fear {unknown}
 D - 2 scrolls of noise {unknown}
Potions
 e - 2 potions of curing {unknown}
 f - 3 potions of berserk rage {unknown}
 g - 2 potions of invisibility {unknown}
 j - 2 potions of haste {unknown}
 m - 2 potions of ambrosia {unknown}
 n - a potion of lignification {unknown}
 z - a potion of brilliance {unknown}
Comestibles
 b - 3 bread rations
 d - 4 meat rations
 o - a royal jelly
 A - a slice of pizza


   Skills:
 + Level 3.8 Fighting
 - Level 2.0 Armour
 * Level 4.2 Dodging
 + Level 3.4 Stealth
 + Level 1.1 Shields
 * Level 5.7 Unarmed Combat


You had 6 spell levels left.
You didn't know any spells.

Dungeon Overview and Level Annotations

Branches:
Dungeon (5/15)
 Temple: D:4-7

Altars:
Dithmenos
Fedhas
Sif Muna
Vehumet
Zin

Annotations:
D:3 Krapule's ghost, amateur DsTm


Innate Abilities, Weirdness & Mutations

You have extremely sharp teeth.
You heal very quickly.
When hurt, damage is shared between your health and your magic reserves.
Your bite disrupts and absorbs the magic of your enemies.
Potions and wands cannot restore your health.
You are immune to rotting.


Message History

The ice beast hits you. The ice beast freezes you!
You punch the ice beast!
The ice beast is heavily wounded.
The ice beast hits you. The ice beast freezes you!
* * * LOW HITPOINT WARNING * * *
You are too injured to fight recklessly!
There is an open door here.
Found a scroll labeled PUSKAI GIOJ.
A worker ant comes into view.
The worker ant twitches its antennae in your direction.
You see here a scroll labeled PUSKAI GIOJ.
The worker ant bites you!
* * * LOW HITPOINT WARNING * * *
You are poisoned.
The worker ant poisons you! The worker ant completely misses you.
You barely miss the worker ant. Your bite misses the worker ant.
You feel sick. The ice beast hits you.
* * * LOW HITPOINT WARNING * * *
The ice beast freezes you.
You die...

...#.#. #.##.#
##.##.....# ...#.#
#.##.# #..#.....#
...#.# #.##.#
##.#.###.#
...#'####(##.#
#.#.# '#
..(....##(##.#
#...# .
.......##.##.#####
##..# .
.....(.##(##.....#
#..# .......#
.######Y# #..#
.......##.# #@#
#.>. ..........#
#a# #####
##########...# #.#
#.. ### #.# #.#
... #.# #.# #.#
..# #.# # ###
#.#####.#


You could see an ice beast and a worker ant.

Vanquished Creatures
  A giant frog (D:3)
  A scorpion (D:4)
  A centaur zombie (D:5)
  2 crimson imps (D:5)
  Jessica (D:3)
  An iguana (D:4)
  2 worker ants (D:5)
  A hound skeleton (D:4)
  Robin (D:4)
  8 adders
  3 gnolls (D:3)
  A shadow imp (D:5)
  2 oozes
  5 worms
  3 dart slugs
  2 giant geckos (D:4)
  7 orcs
  5 bats
  4 giant cockroaches
  9 hobgoblins
  8 jackals (D:4)
  6 kobolds
  3 quokkas
  5 giant newts
  15 goblins
  6 rats
103 creatures vanquished.

Vanquished Creatures (others)
  A quokka (D:3)
  A kobold (D:3)
2 creatures vanquished.

Grand Total: 105 creatures vanquished

Notes
Turn   | Place    | Note
--------------------------------------------------------------
     0 | D:1      | Krapule the Vine Stalker Monk began the quest for the Orb.
     0 | D:1      | Reached XP level 1. HP: 11/11 MP: 2/2
   199 | D:1      | Reached XP level 2. HP: 16/16 MP: 3/3
   611 | D:2      | Reached XP level 3. HP: 19/19 MP: 4/4
   724 | D:2      | Found a shadowy altar of Dithmenos.
   800 | D:2      | Reached skill level 1 in Armour
  1118 | D:2      | Reached XP level 4. HP: 17/23 MP: 5/5
  1457 | D:3      | Found a radiant altar of Vehumet.
  1641 | D:3      | Noticed Jessica
  1649 | D:3      | Killed Jessica
  1649 | D:3      | Reached XP level 5. HP: 28/28 MP: 6/6
  1761 | D:3      | Reached skill level 5 in Unarmed Combat
  2002 | D:3      | Gained mutation: You heal very quickly. [Vine Stalker growth]
  2002 | D:3      | Reached XP level 6. HP: 29/32 MP: 7/7
  2223 | D:3      | Found a deep blue altar of Sif Muna.
  2323 | D:3      | Noticed Krapule's ghost (amateur DsTm)
  2443 | D:4      | Found a glowing silver altar of Zin.
  2655 | D:4      | Noticed Robin
  2699 | D:4      | Killed Robin
  2782 | D:4      | Found a blossoming altar of Fedhas.
  2991 | D:5      | Entered Level 5 of the Dungeon
  3093 | D:5      | Noticed an ice beast
  3296 | D:5      | Reached XP level 7. HP: 32/37 MP: 8/8
  3317 | D:5      | Reached skill level 1 in Shields
  3529 | D:5      | HP: 1/37 [ice beast (4)]
  3529 | D:5      | Slain by an ice beast

Skill      XL: |  1  2  3  4  5  6  7 |
---------------+----------------------+-----
Armour         | 1 2 |  2.0
Dodging        | 3 4 |  4.2
Fighting       | 3 |  3.8
Stealth        | 3 |  3.4
Unarmed Combat | 5 |  5.7
Shields        | 1 |  1.1

Action                   |  1- 3 |  4- 6 |  7- 9 || total
-------------------------+-------+-------+-------++-------
Melee: Unarmed           |    95 |   282 |    41 ||   418
       Bite              |    25 |    91 |    16 ||   132
       Punch             |     2 |     3 |       ||     5
Throw: Javelin           |     5 |       |     3 ||     8
 Stab: Sleeping          |     4 |    10 |       ||    14
  Eat: Chunk             |       |     8 |     1 ||     9
Armor: Robe              |     9 |    26 |     1 ||    36
Dodge: Dodged            |    52 |   141 |    22 ||   215
Block: Buckler           |       |    27 |     5 ||    32
